Cogmind - Beta 14 @@@ ROGUE MODE // 2024.10.16 @ 23:38:08 Player: XDRM Result: Destroyed by Y-45 Defender with Heavy Assault Rifle Performance ------------- Evolutions (1) 500 Regions Visited (3) 600 Robots Destroyed (39) 195 Value Destroyed (629) 629 Prototype IDs (3) 60 Alien Tech Used (0) 0 Bonus (-200) -200 TOTAL SCORE: 1784 Bonus ------- Friendly Fire -200 Cogmind --------- Core Integrity 0/400 Matter 285/300 Energy 259/280 System Corruption 2% Temperature Cool (68) Movement Core (500) Ox9 Location -9/Materials Parts ------- > --- POWER (1) -------- Cooled Ion Engine > --- PROPULSION (2) --- (None) > --- UTILITY (4) ------ Large Storage Unit > --- WEAPON (2) ------- Precision Beam Rifle > --- INVENTORY (15) --- Cooled Ion Engine Cooled Ion Engine Cooled Ion Engine Small Storage Unit Peak State ------------ > --- POWER ------------ Cooled Ion Engine > --- PROPULSION ------- Light Treads Light Treads > --- UTILITY ---------- Large Storage Unit Weight Redist. System Seismic Detector > --- WEAPON ----------- EM Shotgun EM Shotgun > --- INVENTORY -------- Ion Engine Ion Engine Cooled Ion Engine Cooled Ion Engine Cooled Ion Engine Aluminum Leg Small Storage Unit EM Shotgun EM Shotgun Precision Beam Rifle [Rating: 15] Favorites ----------- Power Light Ion Engine Engine Light Ion Engine Propulsion Light Treads Treads Light Treads Leg Aluminum Leg Wheel Wheel Flight Unit Flight Unit Utility Seismic Detector Device Seismic Detector Storage Small Storage Unit Weapon EM Shotgun Energy Gun EM Shotgun Ballistic Gun Light Assault Rifle Launcher Grenade Launcher Special Weapon Mining Laser Slashing Weapon Mining Claw Build | -11 -10 -10 -9 ------- Run | Yrd Mat Min Mat Slots Evolved 2 | . . . 2 Power . | . . . . Propulsion . | . . . . Utility 2 | . . . 2 Weapon . | . . . . Parts Attached 40 | 9 5 7 19 Power 6 | 2 1 1 2 Engine 6 | 2 1 1 2 Core . | . . . . Reactor . | . . . . Propulsion 10 | 3 . 2 5 Treads 2 | . . . 2 Leg 2 | . . . 2 Wheel 3 | 3 . . . Hover . | . . . . Flight 3 | . . 2 1 Utility 5 | 2 . . 3 Device 2 | 1 . . 1 Storage 3 | 1 . . 2 Processor . | . . . . Hackware . | . . . . Protection . | . . . . Artifact . | . . . . Weapon 19 | 2 4 4 9 Energy Gun 8 | 1 1 1 5 Energy Cannon . | . . . . Ballistic Gun 2 | 1 1 . . Ballistic Cannon . | . . . . Launcher 4 | . 1 1 2 Special Weapon 4 | . . 2 2 Impact Weapon . | . . . . Slashing Weapon 1 | . 1 . . Piercing Weapon . | . . . . Special Melee Weapon . | . . . . Unidentified Prototypes . | . . . . Parts Lost 17 | . . 2 15 Power 2 | . . 1 1 Propulsion 4 | . . . 4 Utility 1 | . . . 1 Weapon 10 | . . 1 9 Highest Loss Streak 8 | . . 2 8 To Critical Strikes . | . . . . Average Slot Usage (%) 78 | . 100 85 71 Engine 8 | . 14 11 5 Treads 7 | . . . 12 Leg 1 | . . . 1 Wheel 5 | . 28 5 . Flight 6 | . . 22 3 Device 17 | . 14 14 19 Storage 8 | . 14 2 8 Energy Gun 16 | . 12 11 18 Ballistic Gun 4 | . 13 9 . Special Weapon 2 | . . 5 2 Peak Build Rating 15 | 8 8 7 15 Average Rating 8 | 6 7 6 9 On Entrance 5 | . 8 7 6 Naked Turns . | . . . . Heaviest Build 35 | 12 13 11 35 Greatest Support 40 | 26 20 20 40 Greatest Overweight (x) 1 | . . . 1 Average Overweight (x) . | . . . . Largest Inventory Capacity 15 | 8 8 8 15 Average Capacity 9 | 7 8 5 11 Most Carried 11 | 8 8 8 11 Average Carried 4 | 3 7 4 4 Final Capacity 15 | 8 8 5 15 Final Carried 8 | 8 8 2 4 Class Distribution -------------------- 82% | Mutant 17% | Scavenger-Mutant Dominant Class ---------------- Mutant | -10/Materials Mutant | -10/Mines Mutant | -9/Materials Resources | -11 -10 -10 -9 ----------- Run | Yrd Mat Min Mat Matter Collected 602 | 309 41 81 171 Remotely . | . . . . Salvage Created 1194 | 163 228 42 761 Parts 87 | 24 7 1 55 Haulers Intercepted 2 | . . . 2 Recyclers Shooed 5 | . 3 . 2 Parts Field Recycled . | . . . . Retrieved Matter . | . . . . Parts Self-Destructed . | . . . . Prevented . | . . . . Kills | -11 -10 -10 -9 ------- Run | Yrd Mat Min Mat Combat Hostiles Destroyed 18 | . 3 3 12 Guns 10 | . 1 1 8 AOE 8 | . 2 2 4 Classes Destroyed 12 | 3 1 2 6 Worker 8 | 1 . . 7 Builder 2 | . . . 2 Tunneler 4 | 4 . . . Hauler 2 | . . . 2 Recycler 5 | 1 3 . 1 Operator 1 | . . . 1 Watcher 1 | . . . 1 Swarmer 3 | . 3 . . Grunt 8 | . . . 8 Duelist 1 | . . . 1 Sentry 3 | . . . 3 Assembled 3 | . . 3 . Thug 1 | . . 1 . Best Kill Streak 12 | 2 5 3 12 Combat Bots Only 3 | . 3 3 3 Max Kills in Single Turn 6 | 1 3 2 6 Gunslinging . | . . . . Exploded 2 | . 2 1 2 Melee . | . . . . Uniques/NPCs Destroyed . | . . . . Combat | -11 -10 -10 -9 -------- Run | Yrd Mat Min Mat Hostile Shots Fired 139 | . 10 15 114 Missed 42 | . 4 5 33 Damage Taken 1640 | . 49 222 1369 Core 507 | . 17 90 400 Absorbed by Shields . | . . . . Core Remaining (%) 78 | 100 . 57 . Volleys Fired 114 | 19 14 20 61 Largest 2 | 2 2 2 2 Hottest 140 | 60 60 100 140 Shots Fired 188 | 38 26 26 98 Gun 159 | 38 25 16 80 Cannon . | . . . . Launcher 6 | . 1 2 3 Special 23 | . . 8 15 Kinetic 42 | 19 12 11 . Thermal 71 | 19 13 13 26 Explosive 6 | . 1 2 3 Electromagnetic 69 | . . . 69 Robot Hit Streak 10 | 5 2 7 10 Robot Miss Streak 6 | 3 3 4 6 Penetration Max . | . . . . Secondary Targets . | . . . . Shots Hit Robots 116 | 22 12 10 72 Core Hits 75 | 11 11 7 46 Critical Kills . | . . . . Critical Parts Destroyed . | . . . . Critical Strikes 1 | . . . 1 Burn 1 | . . . 1 Melee Attacks 3 | . 3 . . Impact . | . . . . Slashing 3 | . 3 . . Piercing . | . . . . Sneak Attacks . | . . . . Combat Hostiles . | . . . . Follow-up Attacks . | . . . . Damage Inflicted 2966 | 213 242 347 2164 Guns 1375 | 213 116 104 942 Cannons . | . . . . Explosions 1441 | . 126 243 1072 Melee . | . . . . Ramming 18 | . . . 18 Kinetic 224 | 95 58 71 . Thermal 1269 | 118 58 33 1060 Explosive 586 | . 126 243 217 Electromagnetic 869 | . . . 869 Impact . | . . . . Slashing . | . . . . Piercing . | . . . . Highest Corruption 2 | . . . 2 Average Corruption 2 | . . . 2 Corruption Purged . | . . . . Corruption Blocked . | . . . . Effects 2 | . . . 2 Parts Rejected 1 | . . . 1 Weapon Failures 1 | . . . 1 Overload Shots . | . . . . Overflow Damage 250 | . . 7 243 Projectiles . | . . . . Explosions 250 | . . 7 243 Melee . | . . . . Knockbacks 1 | . . . 1 Impact 1 | . . . 1 Kinetic . | . . . . Secondary . | . . . . Self-Inflicted Damage 179 | . . . 179 Shots 4 | . . . 4 Rammed 2 | . . . 2 Targets Rammed 2 | . . . 2 Kicked . | . . . . Crushed . | . . . . Highest Temperature 137 | 60 40 40 137 Average Temperature 32 | 25 16 14 42 Received Heat Transfer 465 | . . . 465 Siege Activations . | . . . . Robots Corrupted 1 | . . . 1 Combat Hostiles . | . . . . Parts Fried 9 | . . . 9 Impact Corruptions . | . . . . Robots Melted . | . . . . Combat Hostiles . | . . . . Parts Melted 1 | . . . 1 Heat Transferred 1686 | 275 125 75 1211 Parts Sabotaged . | . . . . Parts Stolen . | . . . . Parts Stripped . | . . . . Power Chain Reactions 2 | . . . 2 Alert | -11 -10 -10 -9 ------- Run | Yrd Mat Min Mat Peak Influence 237 | 30 131 69 237 Initial 51 | . 19 51 23 Average 97 | 13 89 55 124 Maximum Alert Level 1 | . . . 1 Low Security (%) 95 | 100 100 100 92 Level 1 4 | . . . 7 Level 2 . | . . . . Level 3 . | . . . . Level 4 . | . . . . Level 5 . | . . . . High Security . | . . . . Max Security . | . . . . Squads Dispatched 1 | . . . 1 Investigation 1 | . . . 1 Extermination . | . . . . Reinforcement . | . . . . Assault . | . . . . Garrison . | . . . . Intercept . | . . . . Searches Triggered . | . . . . Construction Impeded . | . . . . Haulers Reinforced . | . . . . Active Scanning Responses . | . . . . Cargo Convoy Interrupts . | . . . . Stealth | -11 -10 -10 -9 --------- Run | Yrd Mat Min Mat Distress Signals 3 | . 1 . 2 Communications Jammed . | . . . . Distress Signals . | . . . . Times Spotted 39 | . 5 9 25 Peak Tracking Total 6 | . 4 4 6 Tactical Retreats 5 | . . 2 3 Traps | -11 -10 -10 -9 ------- Run | Yrd Mat Min Mat Traps Triggered 1 | . . . 1 Indirectly . | . . . . Trap Hack Attempts . | . . . . Triggered . | . . . . Disarmed . | . . . . Reprogrammed . | . . . . Reused . | . . . . Traps Extracted . | . . . . Installed . | . . . . Triggered . | . . . . Machines | -11 -10 -10 -9 ---------- Run | Yrd Mat Min Mat Machines Disabled 2 | . . . 2 Max in Single Turn 2 | . . . 2 Machines Repaired . | . . . . Machines Dismantled . | . . . . Machines Sabotaged . | . . . . Overloaded Fab Kills . | . . . . Hacking | -11 -10 -10 -9 --------- Run | Yrd Mat Min Mat Machines Accessed 10 | . 1 . 9 Terminals 7 | . . . 7 Fabricators . | . . . . Repair Stations 1 | . . . 1 Recycling Units 1 | . 1 . . Scanalyzers 1 | . . . 1 Garrison Access . | . . . . Total Hacks 30 | . 2 . 28 Successful 15 | . 2 . 13 Failed 14 | . . . 14 Catastrophic 1 | . . . 1 Database Lockouts 1 | . . . 1 Manual 10 | . . . 10 Terminals 20 | . . . 20 Fabricators . | . . . . Repair Stations 4 | . . . 4 Recycling Units 2 | . 2 . . Scanalyzers 4 | . . . 4 Garrison Access . | . . . . Terminal Hacks 10 | . . . 10 Record 2 | . . . 2 Robot Analysis 2 | . . . 2 Prototype ID Bank 1 | . . . 1 Terminal Index 1 | . . . 1 Locate Traps 1 | . . . 1 Transport Status 1 | . . . 1 Assault Status 1 | . . . 1 Hauler Manifests 1 | . . . 1 Fabricator Hacks . | . . . . Repair Station Hacks . | . . . . Recycling Unit Hacks 2 | . 2 . . Report Inventory 1 | . 1 . . Retrieve Components 1 | . 1 . . Scanalyzer 3 | . . . 3 Insert Component 2 | . . . 2 Analyze 1 | . . . 1 Garrison Access Hacks . | . . . . Unauthorized Hacks . | . . . . Terminals . | . . . . Fabricators . | . . . . Repair Stations . | . . . . Recycling Units . | . . . . Scanalyzers . | . . . . Garrison Access . | . . . . Data Cores Recovered 1 | . . . 1 Used 1 | . . . 1 Hacking Detections 10 | . 1 . 9 Full Trace Events 1 | . . . 1 Feedback Events . | . . . . Feedback Blocked . | . . . . Robot Schematics Acquired . | . . . . Robots Built . | . . . . Authchips . | . . . . Time . | . . . . Total Robot Build Rating . | . . . . Part Schematics Acquired 1 | . . . 1 Parts Built . | . . . . Authchips . | . . . . Time . | . . . . Total Part Build Rating . | . . . . Parts Repaired . | . . . . Time . | . . . . Parts Recycled . | . . . . Recycled Matter . | . . . . Retrieved Matter . | . . . . Retrieved Components 3 | . 3 . . Parts Scanalyzed 1 | . . . 1 Part Schematics Acquired 1 | . . . 1 Parts Damaged . | . . . . Bothacking | -11 -10 -10 -9 ------------ Run | Yrd Mat Min Mat Used RIF Installer . | . . . . Robots Hacked . | . . . . Non-combat . | . . . . Combat . | . . . . Robot Hacks Applied . | . . . . Relay Couplers Released . | . . . . Fabnet Peak Effective % . | . . . . Robots Rewired . | . . . . Allies Hacked . | . . . . Hacks Repelled . | . . . . Allies | -11 -10 -10 -9 -------- Run | Yrd Mat Min Mat Total Allies . | . . . . Largest Group . | . . . . Highest-Rated Group . | . . . . Highest-Rated Ally . | . . . . Total Orders . | . . . . Ally Attacks . | . . . . Total Damage . | . . . . Kills . | . . . . Allies Corrupted . | . . . . Allies Melted . | . . . . Intel | -11 -10 -10 -9 ------- Run | Yrd Mat Min Mat Robot Analysis Total 2 | . . . 2 Derelict Logs Recovered 1 | . . 1 . Drone Launches . | . . . . Drone Recoveries . | . . . . Exploration | -11 -10 -10 -9 ------------- Run | Yrd Mat Min Mat Turns Passed 1568 | 138 232 271 927 Spaces Moved 1244 | 69 196 407 572 Core 32 | 1 . . 31 Treads 248 | . . . 248 Legs 71 | . . . 71 Wheels 330 | 68 196 66 . Hover . | . . . . Flight 563 | . . 341 222 Fastest Speed 37 | 50 80 37 37 Average Speed 82 | 87 80 43 110 Slowest Speed 240 | 100 80 80 240 Overloaded Moves . | . . . . Propulsion Burnouts . | . . . . Robots Hopped 2 | . . . 2 Cave-ins Triggered . | . . . . Exploration Rate (%) 41 | 4 44 77 40 Regions Visited 3 Branch Regions 1 Pre-discovered Areas . | . . . . Known Exits Taken . | . . . . Unknown Exits Taken 3 | 1 1 1 . Scrap Searched 1 | . . 1 . Spaces Dug 13 | . 1 8 4 Terrain Destroyed 83 | . 10 22 51 Melee 1 | . 1 . . Projectile 14 | . . 8 6 AOE 68 | . 9 14 45 Terrain Rammed . | . . . . Walls Destroyed . | . . . . Machines Disabled . | . . . . Actions | -11 -10 -10 -9 --------- Run | Yrd Mat Min Mat Total 1550 | 108 244 459 739 Wait 100 | . 12 21 67 Move 1237 | 68 195 406 568 Hop 2 | . . . 2 Pick Up 32 | 10 7 . 15 Fast Attach 12 | 7 . . 5 Attach 15 | . 1 4 10 Detach 1 | . . . 1 Swap 13 | 2 4 3 4 Drop 19 | 2 8 5 4 Fire 114 | 19 14 20 61 Melee 3 | . 3 . . Ram . | . . . . Kick . | . . . . Crush 2 | . . . 2 Escape Stasis . | . . . . Rewire . | . . . . Trap . | . . . . Miscellaneous . | . . . . Route ------- -11/Scrapyard -10/Materials (discovered 2 exits: *Mat / [*Min]) -10/Mines -9/Materials (discovered 2 exits: [*Min] / [*Sto]) History --------- Turn | Location | Event 13 | -11/Scrapyard | Discovered new exit (range 16) 139 | -11/Scrapyard | Entered Materials 248 | -10/Materials | Discovered new exit (range 16) 342 | -10/Materials | Discovered new exit (range 15) 356 | -10/Materials | Build established: Mutant 371 | -10/Materials | Entered Mines 381 | -10/Mines | Met a Derelict bent on vengeance 396 | -10/Mines | Learned Materials garrison access intel 423 | -10/Mines | Assembled infested the area 639 | -10/Mines | Discovered new exit (range 8) 642 | -10/Mines | Entered Materials 642 | -9/Materials | Evolved 2 slots: Utility x2 642 | -9/Materials | Discovered new exit (range 5) 655 | -9/Materials | Central database locked down 864 | -9/Materials | Lost 8 parts (1p2n5w) 928 | -9/Materials | Discovered new exit (range 12) 1265 | -9/Materials | Core integrity fell below 50% 1555 | -9/Materials | Core integrity fell below 20% 1569 | -9/Materials | Destroyed by Y-45 Defender with Heavy Assault Rifle Last Messages --------------- 01548_ U-05 Engineer lays Concrete. 01550_ U-05 Engineer destroyed. 01553_ U-05 Engineer builds a Wall. 01554_ U-05 Engineer lays Concrete. 01557_ U-05 Engineer builds a Door. 01561_ U-05 Engineer builds a Wall. 01564_ Chain reaction triggered in Imp. Ion Engine. 01565_ Y-45 Defender IFF system glitched. 01565_ U-05 Engineer destroyed. 01565_ R-06 Scavenger collects Wheel. 01566_ U-05 Engineer lays Concrete. 01568_ T-07 Excavator destroyed. 01568_ EM Shotgun destroyed. 01568_ U-05 Engineer lays Concrete. 01569_ Y-45 Defender suffers critical hit (Burn). 01569_ Heat Sink fried. 01569_ Y-45 Defender destroyed. [Achievement: Achiever] Map ----- +----------------------------------------------------+ | ?????????????????????????????????????????????????? | | ?????????????????????????????????????????????????? | | ?????????????????????????????????????????????????? | | ?????????????????????????????????????????????????? | | ?????????????????????????????????????????????????? | | ?????????????????????????????????????????????????? | | ?????????????????????????????????????????????????? | | ?????????????????????????????????????????????????? | | ?????????????????????????????????????????????????? | | ?????????????????????????????????????????????????? | | ????????????????????????? ???????????????????? | | ????????????????????????? ???????????????????? | | ????????????????????????? ???????????????????? | | ????????????????????????? ???????????????????? | | ????????????????????????? ???????????????????? | | ?????????????????????????# #?#?????????????????? | | ?????????????????????????# # ????????????????### | | ????????????????????????? # ????????????????# | | ?????????????????????#???# /?????????????????# | | ?????????????????????# ??# u#?????????????????# | | ?????????????????????# ??# #?????????????????# " | | ???????????????????### ### #?????????????????# " | | ?????????????????###;#+#"# #?????????????????? " | | ?????????????????#; u #= r#??????????????????? | | ?????????????????#; ! #%| #??????????????????? | | ????????????????# =*%@%!!##################### | | ????????????????# =%%=%!%=%*= "%" | | ????????????????# Y %[;!===!!* ^ " | | ????????????????# %[; [!|%[ ^ % | | ????????????????# ; #### ## ####+### | | ??????????????? ; #??# ## #?# | | ????????????? ; #??# ##!!!! #?# "T" | | ????????????# # #??# ##!!!![[#?# | | ????????????# # #??# #########?# !! | | ?????????????#######+## #??# #?????????# != | | ??????????????????????# #??# #?????????# != | | ??????????????????????#+###+##???+??????????###### | | ??????????????????????????? ???????????????# | | ???????????????????????????""???????????????# """ | | ????????????????????????????????????????????# """ | | ????????????????????????????????????????????# """ | | ????????????????????????????????????????????# """ | | ????????????????????????????????????????????# """ | | ????????????????????????????????????????????# """ | | ????????????????????????????????????????????# ?""" | | ??????????????????????????????????????????????? | | ???????????????????????????????????????????####### | | ???????????????????????????????????????????# | | ???????????????????????????????????????????# | | ???????????????????????????????????????????# | +----------------------------------------------------+ Best States ------------- Heat Dissipation 28 Energy Generation 14 Energy Capacity 280 Matter Stores 300 Matter Capacity 300 Sight Range 16 Terrain Scan Density 10 Additional Mass Support 6 Evasion (%) 62 Recoil Reduction 2 Item Schematics ----------------- Flight Unit | -9/Materials | Scanalyzed Robot Schematics ------------------ None Fabricated ------------ Nothing Alien Tech Used ----------------- None Achievements -------------- Achiever Backstab Safety First Challenges ------------ None Game ------ Seed LinkedChromaticBoomstick Manual? 0 Play Time 00:38:17 Cumulative 31.7 hours Start 2024.10.16 @ 23:00:08 End 2024.10.16 @ 23:38:08 Sessions 1 Manual Loads 0 Difficulty Rogue Special Mode None Game No. 20 Rogue 20 Adventurer 0 Explorer 0 Win Type - Total 0 Types 0/0/0/0/0/0/0/0/0 Lore% 14 Gallery% 25 Achievement% 25 Wizard Run 0 Options --------- Layout 1 ASCII 0 Keyboard 0 Movement Mouse Keybinds 0 Fullscreen 2 Font 24/X11 Map View 50x35 Zoom Use 0% Tactical HUD 1 Map Filters NONE Filters NONE Steam 1 RUN: 2808eda7-e3d8-4af5-8bb4-9e548611c059